 Dungeon Crawl Stone Soup version 0.31-a0-431-g88bdf31460 (webtiles) character file.

Game seed: 5081553888450349022

4716 Hubris850 the Cleaver (level 10, -7/81 HPs)
             Began as a Hill Orc Fighter on July 31, 2023.
             Was a Believer of Makhleb.
             Mangled by a sixfirhy (10 damage)
             ... on level 9 of the Dungeon.
             The game lasted 00:18:42 (7971 turns).

Hubris850 the Cleaver (Hill Orc Fighter)            Turns: 7971, Time: 00:18:43

Health: -7/81      AC: 16    Str: 24    XL:     10   Next: 45%
Magic:  17/17      EV: 14    Int:  8    God:    Makhleb [**....]
Gold:   691        SH:  5    Dex: 10    Spells: 9/9 levels left

rFire   . . .        s - +1 war axe of Spores {freeze, rCorr Stlth+}
rCold   + . .        c - +0 buckler
rNeg    + . .        B - +5 scale mail of Gluttony {rN+ Will+ rCorr}
rPois   .            J - +0 helmet
rElec   .            k - +0 cloak
rCorr   +            E - +0 pair of gloves
SInv    .            (no boots)
Will    +....        (no amulet)
Stlth   +            m - ring of protection from cold
HPRegen 0.33/turn    K - +5 ring of evasion
MPRegen 0.15/turn

%: no passive effects
@: no status effects
A: no striking features
a: Renounce Religion, Minor Destruction


You were on level 9 of the Dungeon.
You worshipped Makhleb.
Makhleb was pleased with you.
You visited 2 branches of the dungeon, and saw 10 of its levels.

You collected 691 gold pieces.

Inventory:

Hand Weapons
 a - a +0 war axe
 s - the +1 war axe of Spores (weapon) {freeze, rCorr Stlth+}
   (You found it on level 3 of the Dungeon)

   rCorr:     It protects you from acid and corrosion.
   Stlth:     It makes you more stealthy.
 y - a +0 quick blade
Missiles
 d - 5 boomerangs
 n - 25 poisoned darts
 v - 2 curare-tipped darts
 w - 5 datura-tipped darts
 C - 6 javelins
Armour
 b - a +0 scale mail
 c - a +0 buckler (worn)
 i - a +0 plate armour
 k - a +0 cloak (worn)
 t - a +2 robe of resistance
 x - a +4 chain mail
 B - the +5 scale mail of Gluttony (worn) {rN+ Will+ rCorr}
   (You found it on level 6 of the Dungeon)

   rN:        It protects you from negative energy.
   rCorr:     It protects you from acid and corrosion.
   Will:      It increases your willpower.
 E - a +0 pair of gloves (worn)
 J - a +0 helmet (worn)
Jewellery
 m - a ring of protection from cold (left hand)
 K - a +5 ring of evasion (right hand)
Talismans
 f - a beast talisman
Wands
 G - a wand of paralysis (13)
 L - a wand of flame (18)
Scrolls
 g - 2 scrolls of fog
 h - a scroll of immolation
 q - 4 scrolls of teleportation
 u - a scroll of enchant weapon {unknown}
 D - a scroll of vulnerability {unknown}
 F - 4 scrolls of amnesia
 I - a scroll of summoning {unknown}
 M - a scroll of revelation {unknown}
Potions
 e - a potion of magic
 l - a potion of haste
 o - 2 potions of attraction {unknown}
 p - 2 potions of curing {unknown}
 r - 3 potions of brilliance {unknown}
 z - 2 potions of degeneration {unknown}
 H - 2 potions of lignification {unknown}
Miscellaneous
 A - a piece from Xom's chessboard (15/15)


   Skills:
 - Level 5.0 Fighting
 + Level 14.5 Axes
 - Level 6.0 Armour
 - Level 6.0 Shields
 - Level 9.3 Invocations


You had 9 spell levels left.
You didn't know any spells.
Your spell library contained the following spells:

 Spells                   Type           Power      Damage    Failure   Level
 Apportation              Tloc           0%         N/A       75%         1
 Necrotise                Necr           0%         1d4       75%         1
 Shock                    Conj/Air       0%         1d3       75%         1
 Slow                     Hex            0%         N/A       75%         1
 Summon Small Mammal      Summ           0%         N/A       75%         1
 Wereblood                Tmut           0%         N/A       87%         2
 Confusing Touch          Hex            0%         N/A       98%         3
 Inner Flame              Hex/Fire       0%         N/A       98%         3
 Swiftness                Air            0%         N/A       98%         3
 Vampiric Draining        Necr           0%         2d6       98%         3
 Airstrike                Air            0%         2d(0-16)  100%        4
 Alistair's Intoxication  Tmut/Pois      0%         N/A       100%        5
 Irradiate                Conj/Tmut      0%         3d11      100%        5
 Yara's Violent Unravell  Hex/Tmut       0%         3d3       100%        5
 Enfeeble                 Hex            0%         N/A       100%        7


Dungeon Overview and Level Annotations

Branches:
Dungeon (9/15)             Temple (1/1) D:6
   Lair: D:8-11         Orc: D:9-12

Altars:
Ashenzari
Cheibriados
Dithmenos
Fedhas
Hepliaklqana
Kikubaaqudgha
Makhleb
Nemelex Xobeh
Qazlal
Ru
Sif Muna
Trog
Uskayaw
Vehumet
Wu Jian
Xom
Yredelemnul
Zin
The Shining One

Shops:
D:1 (   D:6 (

Annotations:
D:8 3 runed translucent doors, LobsterGuardian's ghost, novice OgGl


Message History

You slash the sixfirhy! You freeze the sixfirhy.
The sixfirhy is moderately wounded.
The kobold demonologist begins to cast a cantrip, but forgets the words!
You miss the sixfirhy.
The sixfirhy is moderately wounded.
You barely miss the sixfirhy.
The sixfirhy is moderately wounded.
The sixfirhy closely misses you.
You closely miss the sixfirhy.
The sixfirhy is moderately wounded.
The sixfirhy hits you but does no damage.
The sixfirhy hits you! The sixfirhy shocks you!
You hit the sixfirhy. You freeze the sixfirhy.
The sixfirhy is heavily wounded.
The sixfirhy hits you but does no damage.
The sixfirhy hits you. The sixfirhy shocks you!
* * * LOW HITPOINT WARNING * * *
The sixfirhy completely misses you. The sixfirhy closely misses you.
You hit the sixfirhy. You freeze the sixfirhy.
The sixfirhy is heavily wounded.
The sixfirhy hits you but does no damage.
The kobold demonologist casts a spell.
You closely miss the sixfirhy.
The sixfirhy is moderately wounded.
You closely miss the sixfirhy.
The sixfirhy is moderately wounded.
You closely miss the sixfirhy.
The sixfirhy is moderately wounded.
The sixfirhy hits you.
* * * LOW HITPOINT WARNING * * *
The sixfirhy shocks you!
* * * LOW HITPOINT WARNING * * *
You block the sixfirhy's attack.
You slash the sixfirhy! You freeze the sixfirhy.
The sixfirhy is heavily wounded.
The sixfirhy barely misses you. The sixfirhy closely misses you.
The sixfirhy hits you.
* * * LOW HITPOINT WARNING * * *
The sixfirhy shocks you!
You die...

.##.#.##..#
#.....#
....#.###.##
#.....#
.####.#
#..###.....#
......#
##...'.....#
.#######
#####.....#
.......#
#.....#
.#######
##'####
....## #..#
###..# ##@#
####'## #3#
......# #4#
......# #5#
......# #K##
......# #55#
......# ##.#
......# #.#
..#######
#.#


You could see an ice devil, a kobold demonologist, a sixfirhy, an iron imp
(summoned), a shadow imp (summoned) and an ufetubus (summoned).

Vanquished Creatures
  An orange demon (D:9)
  Psyche (D:9)
  An ice devil (D:9)
  A hellwing (D:9)
  5 yaks (D:9)
  A ynoxinul (D:9)
  A water moccasin (D:8)
  A sky beast (D:7)
  An ice beast (D:5)
  An ogre (D:7)
  2 centaurs
  2 kobold brigands (D:9)
  5 bullfrogs
  3 scorpions
  A gnoll sergeant (D:5)
  4 howler monkeys
  A centaur zombie (D:8)
  3 quasits (D:9)
  4 orc priests
  6 hounds
  3 gnoll boudas
  3 jellies
  2 sleepcaps
  9 orc wizards
  6 iguanas
  A howler monkey zombie (D:8)
  20 gnolls
  3 adders
  A shadow imp (D:6)
  4 white imps
  2 dart slugs
  38 orcs
  4 ball pythons
  A bat (D:1)
  6 endoplasms
  3 giant cockroaches
  8 goblins
  7 hobgoblins
  15 jackals
  7 kobolds
  2 quokkas (D:1)
  7 frilled lizards
  2 rats (D:1)
199 creatures vanquished.

Notes
Turn   | Place    | Note
-------+----------+-------------------------------------------
     0 | D:1      | Hubris850 the Hill Orc Fighter began the quest for the Orb.
     0 | D:1      | Reached XP level 1. HP: 19/19 MP: 1/1
    35 | D:1      | Found Dirouteb's Weapon Shoppe.
   100 | D:1      | Reached XP level 2. HP: 20/27 MP: 2/2
   102 | D:1      | Reached skill level 3 in Axes
   594 | D:1      | Reached XP level 3. HP: 33/33 MP: 3/3
  1690 | D:3      | Reached XP level 4. HP: 39/40 MP: 4/4
  1697 | D:3      | Identified the +1 war axe of Spores {freeze, rCorr Stlth+}
  1819 | D:4      | Noticed a scorpion
  1824 | D:4      | Killed a scorpion
  1825 | D:4      | Reached skill level 4 in Axes
  1825 | D:4      | Reached XP level 5. HP: 41/47 MP: 5/5
  2594 | D:5      | Entered Level 5 of the Dungeon
  2611 | D:5      | Reached skill level 5 in Fighting
  2611 | D:5      | Reached XP level 6. HP: 49/56 MP: 6/6
  2683 | D:5      | Reached skill level 5 in Axes
  2715 | D:5      | Reached skill level 5 in Shields
  2783 | D:5      | Reached skill level 5 in Armour
  2804 | D:5      | Reached XP level 7. HP: 26/61 MP: 7/7
  2813 | D:5      | HP: 2/61 [orc wizard/+0 dagger (2)]
  3036 | D:5      | Reached skill level 6 in Axes
  3390 | D:5      | Reached skill level 7 in Axes
  3390 | D:5      | Reached XP level 8. HP: 51/68 MP: 8/8
  3798 | D:5      | Reached skill level 8 in Axes
  4142 | D:6      | Found an ornate altar of the Wu Jian Council.
  4179 | D:6      | Identified the +5 scale mail of Gluttony {rN+ Will+ rCorr}
  4277 | D:6      | Found Tuxauff's Firing Range.
  4324 | D:6      | Reached skill level 9 in Axes
  4366 | D:6      | Found a staircase to the Ecumenical Temple.
  4384 | Temple   | Entered the Ecumenical Temple
  4484 | Temple   | Became a worshipper of Makhleb the Destroyer
  4866 | D:6      | Reached skill level 1 in Invocations
  5266 | D:7      | Reached skill level 10 in Axes
  5421 | D:7      | Reached XP level 9. HP: 74/74 MP: 12/12
  5493 | D:7      | Reached skill level 5 in Invocations
  5568 | D:7      | Reached * piety under Makhleb
  5686 | D:7      | Reached skill level 11 in Axes
  5778 | D:7      | Found an ancient bone altar of Kikubaaqudgha.
  6439 | D:8      | Found a runed translucent gate.
  6488 | D:8      | Found a runed translucent gate.
  6490 | D:8      | Found a runed translucent gate.
  6490 | D:8      | Noticed LobsterGuardian's ghost (novice OgGl)
  6493 | D:8      | Found a basalt altar of Yredelemnul.
  6903 | D:9      | Noticed an ice devil
  6914 | D:9      | Killed an ice devil
  7022 | D:9      | Reached skill level 12 in Axes
  7103 | D:9      | Reached XP level 10. HP: 81/81 MP: 14/16
  7109 | D:9      | Reached skill level 13 in Axes
  7227 | D:9      | Found a sacrificial altar of Ru.
  7366 | D:9      | Noticed Psyche
  7384 | D:9      | Killed Psyche
  7460 | D:9      | Reached ** piety under Makhleb
  7681 | D:9      | Noticed an orange demon
  7691 | D:9      | Killed an orange demon
  7692 | D:9      | Reached skill level 14 in Axes
  7863 | D:9      | Found a stormy altar of Qazlal.
  7875 | D:9      | Found a sparkling altar of Nemelex Xobeh.
  7951 | D:9      | Noticed a sixfirhy
  7951 | D:9      | Noticed a kobold demonologist
  7971 | D:9      | HP: 3/81 [sixfirhy (5)]
  7971 | D:9      | Mangled by a sixfirhy

Illustrated notes

Levels and vault maps discovered:
D:1:      ncdulo_wetmaze, layout_basic, serial_shops,
          nicolae_shop_rolling_square
D:2:      layout_loops_corners, grunt_decor_fettered, minmay_between
D:3:      layout_basic, serial_shops, shop, uniq_grinder
D:4:      layout_loops_corners
D:5:      lemuel_castle_with_subvaults [lemuel_castle_interior_carwin_3],
          layout_basic, hangedman_abyss_or_decor_passed,
          hellmonk_bongcloud_opening
D:6:      layout_loops_corners, amcnicky_altar_gilded,
          minmay_temple_entry_mini_moons, st_stairs_13,
          nicolae_shop_firing_range
D:7:      layout_loops_ring, mainiacjoe_overflow_surrounded_room
D:8:      layout_basic, nicolae_yredelemnul_ghost_church
D:9:      layout_roguey, nicolae_ru_sacrificial_ziggurat, minitemple,
          serial_demonic, serial_demonic_b, serial_demonic_g, serial_demonic_a,
          serial_demonic_d, serial_demonic_e, serial_demonic_c,
          minmay_misc_feat_enclosed, hangedman_decor_slide_cut,
          dreamdust_mushroom_princess, uniq_psyche
Temple:   nicolae_temple_figure_eight

Skill      XL: |  1  2  3  4  5  6  7  8  9 10 |
---------------+-------------------------------+-----
Axes           | 3 4 5 7 10 12 14 | 14.5
Fighting       | 4 5 |  5.0
Armour         | 4 5 6 |  6.0
Shields        | 4 5 6 |  6.0
Invocations    | 4 8 9 |  9.3

Action                     |  1- 3 |  4- 6 |  7- 9 | 10-12 || total
---------------------------+-------+-------+-------+-------++-------
  Melee: War axe           |   109 |    74 |   329 |    64 ||   576
  Throw: Dart              |       |     6 |       |       ||     6
    Use: Potion            |       |       |     2 |     2 ||     4
         Scroll            |       |       |     7 |       ||     7
 Armour: Scale mail        |    12 |       |    96 |    30 ||   138
         Plate armour      |    49 |    71 |    39 |       ||   159
         Chain mail        |       |       |    26 |       ||    26
  Dodge: Dodged            |    37 |    25 |   162 |    33 ||   257
  Block: Buckler           |    22 |    15 |    80 |    11 ||   128

Table legend: (Time is in decaauts)
 A = Elapsed time spent in this place.
 B = Non-inter-level travel time spent in this place.
 C = Inter-level travel time spent in this place.
 D = Time resting spent in this place.
 E = Time spent auto-exploring this place.
 F = Levels seen in this place.
 G = Mean time per level.
                   A        B        C        D        E       F      G
               +--------+--------+--------+--------+--------+-----+--------+
         Total |   8045 |   7815 |    230 |    627 |   5494 |  10 |  804.5 |
       Dungeon |   7932 |   7715 |    217 |    627 |   5494 |   9 |  881.3 |
        Temple |    113 |    100 |     13 |      0 |      0 |   1 |  113.0 |
               +--------+--------+--------+--------+--------+-----+--------+

Top non-repeatable levels by time:
     D:5: 1388 daAuts
     D:6: 1155 daAuts
     D:9: 1048 daAuts
     D:2: 918 daAuts
     D:7: 908 daAuts
     D:4: 837 daAuts
     D:1: 791 daAuts
     D:8: 784 daAuts
  Temple: 113 daAuts
     D:3: 99 daAuts
